 Dungeon Crawl Stone Soup version 0.18.1-6-gd335043 (webtiles) character file.

288 M4edhros the Cleaver (level 6, -2/51 HPs)
             Began as a Minotaur Berserker on May 20, 2016.
             Was a Follower of Trog.
             Slain by a troll zombie (8 damage)
             ... in an ossuary.
             The game lasted 00:02:33 (422 turns).

M4edhros the Cleaver (Minotaur Berserker)            Turns: 422, Time: 00:02:34

Health: -2/51      AC:  7    Str: 22    XL:     6   Next: 9%
Magic:  5/5        EV: 10    Int:  4    God:    Trog [*.....]
Gold:   57         SH:  0    Dex: 11    Spells: 0 memorised, 5 levels left

rFire  + . .     SeeInvis .     a - +0 hand axe
rCold  + . .     Gourm    .     f - +1 scale mail
rNeg   . . .     Faith    .     (no shield)
rPois  +         Spirit   .     (helmet restricted)
rElec  +         Dismiss  .     (no cloak)
rCorr  +         Reflect  .     (no gloves)
SustAt .         Harm     .     (no boots)
MR     .....                    (no amulet)
Stlth  ..........               (no ring)
                                (no ring)

@: exhausted, resistant, slowed, very slow, not resistant to hostile
enchantments, extremely unstealthy
A: retaliatory headbutt, horns 2
a: Berserk, Burn Spellbooks, Renounce Religion


You were in an ossuary.
You worshipped Trog.
Trog was aware of your devotion.
You were not hungry.

You visited 1 branch of the dungeon, and saw 5 of its levels.
You also visited: Ossuary.

You collected 57 gold pieces.

Inventory:

Hand Weapons
 a - a +0 hand axe (weapon)
Armour
 b - a +0 animal skin
 f - a +1 scale mail (worn)
Scrolls
 j - a scroll of enchant weapon


   Skills:
 - Level 3.6 Fighting
 + Level 8.3 Axes
 - Level 2.4 Armour
 - Level 2.1 Dodging


You had 5 spell levels left.
You didn't know any spells.

Dungeon Overview and Level Annotations

Branches:
Dungeon (5/15)
 Temple: D:4-7

Altars:

Shops:
D:4 ?


Innate Abilities, Weirdness & Mutations

You reflexively headbutt those who attack you in melee.
You have a pair of horns on your head.


Message History

Enchant which item? (? for menu, Esc to quit)
Your +0 scale mail glows green for a moment.
The centaur zombie hits you but does no damage.
The ogre zombie hits you!
The centaur zombie hits you but does no damage.
The troll zombie bites you!
* * * LOW HITPOINT WARNING * * *
The troll zombie closely misses you.
The troll zombie claws you but does no damage.
Read which item? (? for menu, Esc to quit)
As you read the scroll labeled NYONISKAI, it crumbles to dust.
It is a scroll of identify.
Identify which item? (\ to view known items) (? for menu, Esc to quit)
j - a scroll of enchant weapon The centaur zombie closely misses you.
You furiously retaliate!
You headbutt the centaur zombie!
The ogre zombie hits you but does no damage.
The centaur zombie closely misses you. You furiously retaliate!
You headbutt the centaur zombie. The troll zombie bites you!
You die...

#... #....# ..
.#..#
...#....#....#...
###M.#
...#....#....#...
#.'..#
........#........
#.#..#
##......#.'....##
#.#..#
......§..§.......
###..#
.....§§§§§.......
#.'..#
.....§§§§§.......
#.#..#
....§§§@§§!......
+.#..#
####§§ZZZ§?..####
###..#
....§§§§$§!.....
#.'..#
.......!?!.......
+.#..#
.................
#.#..#
.................
###..#
##......#......##
#.M..#
.......#.......
#.#..# +.#.Z#


You could see a centaur zombie, an ogre zombie and a troll zombie.

Vanquished Creatures
  An ice beast (D:5)
  2 crimson imps (D:5)
  A centaur zombie (D:5)
  7 mummies (Ossuary)
  A white imp (D:5)
  A goblin (D:3)
  3 goblin zombies (Ossuary)
  A hobgoblin zombie (Ossuary)
  4 kobold zombies (Ossuary)
  2 quokka zombies (Ossuary)
  A rat zombie (Ossuary)
24 creatures vanquished.

Notes
Turn   | Place    | Note
--------------------------------------------------------------
     0 | D:1      | M4edhros the Minotaur Berserker began the quest for the Orb.
     0 | D:1      | Reached XP level 1. HP: 19/19 MP: 0/0
   113 | D:4      | Found Hiajo's Magic Scroll Boutique.
   127 | D:5      | Entered Level 5 of the Dungeon
   128 | D:5      | Noticed a crimson imp
   137 | D:5      | Killed a crimson imp
   137 | D:5      | Reached skill level 5 in Axes
   137 | D:5      | Reached XP level 2. HP: 23/26 MP: 1/1
   137 | D:5      | Reached XP level 3. HP: 28/31 MP: 2/2
   172 | D:5      | Reached XP level 4. HP: 36/39 MP: 3/3
   186 | D:5      | Noticed an ice beast
   194 | D:5      | Killed an ice beast
   194 | D:5      | Reached skill level 7 in Axes
   194 | D:5      | Reached XP level 5. HP: 16/45 MP: 4/4
   274 | D:5      | Found a sand-covered staircase.
   279 | Ossuary  | Entered an ossuary
   407 | Ossuary  | Reached skill level 8 in Axes
   408 | Ossuary  | Reached XP level 6. HP: 51/51 MP: 5/5
   422 | Ossuary  | Slain by a troll zombie

Skill      XL: |  1  2  3  4  5 |
---------------+----------------+-----
Axes           | 5 7 8 |  8.3
Fighting       | |  3.6
Armour         | |  2.4
Dodging        | |  2.1

Action                   |  1- 3 |  4- 6 || total
-------------------------+-------+-------++-------
Melee: Hand axe          |    21 |    45 ||    66
       Headbutt          |     3 |    11 ||    14
Invok: Berserk           |       |     4 ||     4
  Use: Potion            |       |     3 ||     3
       Scroll            |       |     3 ||     3
 Stab: Invisible         |       |     1 ||     1
  Eat: Bread ration      |       |     1 ||     1
Armor: Scale mail        |    11 |    23 ||    34
Dodge: Dodged            |     7 |    27 ||    34
